 Dungeon Crawl Stone Soup version 0.30.1 (webtiles) character file.

Game seed: 15586440406073028141

1149 LynnLen the Covert (level 8, 0/36 HPs)
             Began as a Spriggan Enchanter on July 14, 2023.
             Was a Believer of Yredelemnul.
             Slain by a gnoll
             ... wielding a +0 spear
              (8 damage)
             ... on level 5 of the Dungeon.
             The game lasted 00:14:09 (4924 turns).

LynnLen the Covert (Spriggan Enchanter)             Turns: 4924, Time: 00:14:10

Health: 0/36       AC:  3    Str:  4    XL:     8   Next: 15%
Magic:  6/17       EV: 17    Int: 17    God:    Yredelemnul [**....]
Gold:   292        SH:  0    Dex: 17    Spells: 9/17 levels left

rFire   . . .        p - +1 dagger (venom)
rCold   . . .        (no shield)
rNeg    . . .        b - +0 robe
rPois   .            (helmet restricted)
rElec   .            l - +0 cloak {Will+}
rCorr   .            (gloves unavailable)
SInv    +            (boots unavailable)
Will    ++...        (no amulet)
Stlth   ++++         (no ring)
HPRegen 0.26/turn    (no ring)
MPRegen 0.15/turn

%: no passive effects
@: very quick
A: very small, no large weapons, unfitting armour, see invisible, speed 3
a: Renounce Religion, Recall Undead Harvest, Dark Bargain


You were on level 5 of the Dungeon.
You worshipped Yredelemnul.
Yredelemnul was noncommittal.
You visited 1 branch of the dungeon, and saw 5 of its levels.

You collected 292 gold pieces.

Inventory:

Hand Weapons
 p - a +1 dagger of venom (weapon)
Missiles
 a - 2 throwing nets
 d - 6 poisoned darts
Armour
 b - a +0 robe (worn)
 l - a +0 cloak of willpower (worn)
Jewellery
 m - a +6 ring of strength
Scrolls
 g - a scroll of teleportation {unknown}
 o - a scroll of blinking {unknown}
 r - a scroll of noise {unknown}
Potions
 c - 2 potions of invisibility
 f - 3 potions of lignification
 h - a potion of ambrosia
 i - 2 potions of haste {unknown}
 j - 3 potions of brilliance {unknown}
 k - a potion of degeneration {unknown}
 n - 2 potions of flight {unknown}
 q - a potion of might {unknown}


   Skills:
 + Level 4.2 Short Blades
 - Level 2.6 Dodging
 * Level 9.9 Stealth
 + Level 5.4 Spellcasting
 + Level 6.0 Hexes
 + Level 2.9 Ice Magic


You had 9 spell levels left.
You knew the following spells:

 Your Spells              Type           Power      Damage    Failure   Level
a - Ensorcelled Hibernat  Hex/Ice        38%        N/A       3%          2
b - Confusing Touch       Hex            25%        N/A       3%          3
c - Tukima's Dance        Hex            25%        N/A       3%          3

Your spell library contained the following spells:

 Spells                   Type           Power      Damage    Failure   Level
 Dazzling Flash           Conj/Hex       28%        N/A       12%         3
 Static Discharge         Conj/Air       8%         2-3/arc   21%         2
 Vhi's Electric Charge    Tloc/Air       8%         N/A       38%         3
 Airstrike                Air            2%         2d(1-17)  80%         4
 Summon Lightning Spire   Summ/Air       4%         N/A       80%         4
 Arcjolt                  Conj/Air       2%         1d12      98%         5
 Maxwell's Capacitive Co  Air            2%         ∞         100%        8


Dungeon Overview and Level Annotations

Branches:
Dungeon (5/15)
 Temple: D:4-7

Altars:
Nemelex Xobeh
Xom
Yredelemnul
Zin
The Shining One


Innate Abilities, Weirdness & Mutations

You are very small and have problems with some larger weapons.
You are too small for most types of armour.
You have supernaturally acute eyesight. (SInv)
You cover ground extremely quickly. (Speed+++)


Message History

The jelly quivers.
You swap places.
The jelly hits your water moccasin zombie.
Your water moccasin zombie is splashed with acid.
The acid corrodes your water moccasin zombie!
Your water moccasin zombie bites the jelly.
Your water moccasin zombie is burned by acid!
Your gnoll zombie completely misses the jelly.
Your gnoll zombie hits the jelly.
Your gnoll zombie is burned by acid!
The jelly hits your gnoll zombie.
Your gnoll zombie is splashed with acid.
Your water moccasin zombie bites the jelly!
The jelly dies!
The dead are walking!
You can now trade souls for undead servants.
Your Hexes skill increases to level 6!
You swap places.
The gnoll hits you from afar with a +0 spear.
You swap places.
There is an open door here.
You barely miss the gnoll. The gnoll closely misses you.
You hit the gnoll but do no damage.
The gnoll is poisoned.
The gnoll completely misses you.
You hit the gnoll but do no damage. The gnoll closely misses you.
You hit the gnoll.
The gnoll looks as sick as possible!
The gnoll is lightly wounded.
The gnoll barely misses you.
You barely miss the gnoll.
The gnoll is lightly wounded.
You hit the gnoll.
The gnoll looks as sick as possible!
The gnoll is heavily wounded.
The gnoll hits you with a +0 spear.
* * * LOW HITPOINT WARNING * * *
You hit the gnoll but do no damage.
The gnoll looks as sick as possible!
You punch the gnoll, but do no damage.
The gnoll is heavily wounded.
The gnoll hits you with a +0 spear!
You die...
Your body rises from the dead as a mindless zombie.

############## #............# ###
#............###### #
..########........)........#####.
...f...g.........Z.$.......##....
..)#g############Z).....>..##....
...#...........g@Z.........'....>
.f..Z...#########Z.........##....
.g.g....# #............##....
........# #............##....
........# #............##....
.......... ###...........#....
........... #...........#....
............ #................
...g........ #................


You could see a gnoll (extremely poisoned, ally target), a friendly water
moccasin zombie (corroded), a friendly jelly zombie and 2 friendly gnoll
zombies.

Vanquished Creatures
  A hornet (D:4)
  Menkaure (D:4)
  2 water moccasins (D:5)
  An ogre (D:5)
  A scorpion (D:4)
  Crazy Yiuf (D:2)
  A jelly (D:4)
  4 iguanas
  Ijyb (D:3)
  An orc wizard (D:4)
  Robin (D:2)
  5 gnolls
  6 adders
  A worm (D:2)
  2 dart slugs (D:1)
  10 orcs
  10 endoplasms
  3 giant cockroaches
  20 goblins
  8 hobgoblins
  6 jackals
  6 kobolds
  3 quokkas
  4 ball pythons
  2 bats
  7 frilled lizards
  3 rats
111 creatures vanquished.

Vanquished Creatures (collateral kills)
  A jelly (D:5)
  2 gnolls (D:5)
  A quokka (D:5)
4 creatures vanquished.

Vanquished Creatures (others)
  2 dancing weapons (D:5)
  An ogre zombie (D:5)
  An adder zombie (D:5)
  A frilled lizard zombie (D:5)
5 creatures vanquished.

Grand Total: 120 creatures vanquished

Notes
Turn   | Place    | Note
-------+----------+-------------------------------------------
     0 | D:1      | LynnLen the Spriggan Enchanter began the quest for the Orb.
     0 | D:1      | Reached XP level 1. HP: 9/9 MP: 5/5
   224 | D:1      | Reached XP level 2. HP: 13/13 MP: 6/6
   227 | D:1      | Learned a level 2 spell: Ensorcelled Hibernation
   426 | D:1      | Reached skill level 5 in Stealth
   712 | D:2      | Reached XP level 3. HP: 11/16 MP: 1/8
   886 | D:2      | Learned a level 3 spell: Confusing Touch
   890 | D:2      | Learned a level 3 spell: Tukima's Dance
   931 | D:2      | Found a faded altar of an unknown god.
  1227 | D:2      | Noticed Robin
  1430 | D:2      | Killed Robin
  1431 | D:2      | Reached XP level 4. HP: 21/21 MP: 0/9
  1588 | D:2      | Found a runed translucent door.
  1589 | D:2      | Noticed Crazy Yiuf
  1786 | D:2      | Reached skill level 6 in Stealth
  2272 | D:2      | Killed Crazy Yiuf
  2273 | D:2      | Reached skill level 1 in Ice Magic
  2642 | D:3      | Noticed Ijyb
  2654 | D:3      | Reached XP level 5. HP: 24/24 MP: 8/11
  2674 | D:3      | Killed Ijyb
  3324 | D:3      | Found a sparkling altar of Nemelex Xobeh.
  3378 | D:4      | Reached skill level 7 in Stealth
  3434 | D:4      | Reached XP level 6. HP: 19/28 MP: 5/13
  3532 | D:4      | Noticed Menkaure
  3560 | D:4      | Noticed a hornet
  3567 | D:4      | Paralysed by a hornet for 1 turns
  3573 | D:4      | Killed a hornet
  3574 | D:4      | Reached skill level 8 in Stealth
  3574 | D:4      | Reached skill level 5 in Hexes
  3574 | D:4      | Reached XP level 7. HP: 27/32 MP: 9/14
  3680 | D:4      | Killed Menkaure
  4130 | D:4      | Found a basalt altar of Yredelemnul.
  4196 | D:4      | Became a worshipper of Yredelemnul the Dark
  4432 | D:5      | Entered Level 5 of the Dungeon
  4441 | D:5      | Reached skill level 9 in Stealth
  4441 | D:5      | Reached skill level 5 in Spellcasting
  4495 | D:5      | Reached * piety under Yredelemnul
  4712 | D:5      | Found a glowing golden altar of the Shining One.
  4773 | D:5      | Noticed an angel
  4774 | D:5      | Found a shimmering altar of Xom.
  4775 | D:5      | Found a glowing silver altar of Zin.
  4890 | D:5      | Reached XP level 8. HP: 12/36 MP: 7/17
  4916 | D:5      | Reached ** piety under Yredelemnul
  4924 | D:5      | Slain by a gnoll

Illustrated notes

Levels and vault maps discovered:
D:1:      elethiomel_arrival_shortcut, layout_rooms, serial_curves,
          eino_curves_01, eino_curves_02, eino_curves_02, eino_curves_03
D:2:      layout_loops_cross, basic_ecumenical_altar, grunt_decor_fettered,
          uniq_crazy_yiuf_cottage, uniq_robin
D:3:      kennysheep_goblin_castle, layout_loops_ring,
          nemelex_dance_club_becter, minmay_misc_feat_encased,
          minmay_misc_feat_nine_boxes, grunt_ministairs_9, minmay_crystal_room
D:4:      layout_basic, mainiacjoe_overflow_surrounded_room,
          hangedman_decor_opposing, uniq_menkaure
D:5:      minmay_bubble_buster, layout_basic, nicolae_tso_swordbearing_angel,
          grunt_temple_overflow_order_and_chaos_1,
          minmay_temple_entry_proselytizer, minmay_lizard_king, uniq_ijyb

Skill      XL: |  1  2  3  4  5  6  7  8 |
---------------+-------------------------+-----
Stealth        | 5 6 7 8 9 |  9.9
Spellcasting   | 3 4 5 |  5.4
Hexes          | 4 5 6 |  6.0
Short Blades   | 2 3 4 |  4.2
Ice Magic      | 1 2 |  2.9
Dodging        | |  2.6

Action                     |  1- 3 |  4- 6 |  7- 9 || total
---------------------------+-------+-------+-------++-------
  Melee: Dagger            |   126 |    97 |    86 ||   309
         Punch             |     1 |       |     4 ||     5
  Throw: Dart              |       |     1 |       ||     1
   Cast: Ensorcelled Hiber |    12 |    24 |    12 ||    48
         Confusing Touch   |     1 |     1 |     2 ||     4
         Tukima's Dance    |       |       |     4 ||     4
    Use: Scroll            |     3 |       |       ||     3
         Potion            |       |       |     5 ||     5
   Stab: Sleeping          |    15 |    19 |     9 ||    43
         Confused          |     1 |     1 |     1 ||     3
 Armour: Robe              |     8 |     8 |     3 ||    19
  Dodge: Dodged            |    66 |    50 |    59 ||   175
